 Dungeon Crawl Stone Soup version 0.30.0-15-g856e2d3f33 (webtiles) character file.

Game seed: 4912412291986338645

395 randart the Conjurer (level 6, -3/32 HPs)
             Began as a Deep Elf Conjurer on May 19, 2023.
             Slain by a phantom (5 damage)
             ... on level 3 of the Dungeon.
             The game lasted 00:18:45 (4429 turns).

randart the Conjurer (Deep Elf Conjurer)            Turns: 4429, Time: 00:18:45

Health: -3/32      AC:  4    Str:  4    XL:     6   Next: 52%
Magic:  14/21      EV: 11    Int: 25    God:
Gold:   87         SH:  0    Dex: 13    Spells: 4/11 levels left

rFire   . . .        a - +1 short sword (venom)
rCold   . . .        (no shield)
rNeg    . . .        i - +0 leather armour
rPois   .            (no helmet)
rElec   .            (no cloak)
rCorr   .            (no gloves)
SInv    .            p - +0 pair of boots
Will    .....        (no amulet)
Stlth   ++           j - ring of magical power
HPRegen 0.25/turn    (no ring)
MPRegen 0.17/turn

%: no passive effects
@: very slightly contaminated, hasted, very quick
A: no striking features
a: no special abilities


You were on level 3 of the Dungeon.
You visited 1 branch of the dungeon, and saw 4 of its levels.

You collected 87 gold pieces.

Inventory:

Hand Weapons
 a - a +1 short sword of venom (weapon)
Missiles
 e - 4 poisoned darts
 l - 3 atropa-tipped darts
 m - 4 javelins
Armour
 d - a +0 robe
 i - a +0 leather armour (worn)
 p - a +0 pair of boots (worn)
Jewellery
 j - a ring of magical power (left hand)
Wands
 r - a wand of roots (7)
Scrolls
 c - a scroll of teleportation
 g - 2 scrolls of identify
Potions
 b - a potion of magic
 f - a potion of haste
 o - a potion of might {unknown}


   Skills:
 - Level 2.4 Dodging
 - Level 2.4 Stealth
 - Level 3.0 Spellcasting
 - Level 6.1 Conjurations
 + Level 5.8 Translocations


You had 4 spell levels left.
You knew the following spells:

 Your Spells              Type           Power      Damage    Failure   Level
a - Magic Dart            Conj           100%       1d8       1%          1
b - Iskenderun's Mystic   Conj/Tloc      33%        2d8       16%         4
c - Searing Ray           Conj           68%        2d6       2%          2

Your spell library contained the following spells:

 Spells                   Type           Power      Damage    Failure   Level
 Dazzling Flash           Conj/Hex       38%        N/A       16%         3
 Necrotise                Necr           12%        1d4       19%         1
 Cigotuvi's Dreadful Rot  Necr/Pois/Air  6%         N/A       26%         2
 Fulminant Prism          Conj/Hex       9%         3d7       45%         4
 Ignite Poison            Fire/Tmut/Pois 3%         N/A       47%         3
 Vampiric Draining        Necr           3%         2d6       47%         3
 Freezing Cloud           Conj/Ice/Air   7%         6-21      91%         5
 Agony                    Necr           3%         N/A       99%         5


Dungeon Overview and Level Annotations

Branches:
Dungeon (4/15)
 Temple: D:4-7

Altars:

Annotations:
D:4 Duvessa


Message History

The spell is extremely dangerous to miscast (16% risk of failure)!
Continue anyway?
Okay, then.
Unknown command.
Casting: Iskenderun's Mystic Blast (extremely dangerous; 16% risk of failure)
Confirm with . or Enter, or press ? or * to list all spells.
Aiming: Searing Ray (safe; 2% risk of failure)
Press: ? - help, Shift-Dir - straight line, f - phantom
Aim: a phantom (73% to hit)
You miscast Searing Ray.
You are very lightly contaminated with residual magic.
Nothing appears to happen.
The phantom closely misses you.
Casting: Searing Ray (safe; 2% risk of failure)
Confirm with . or Enter, or press ? or * to list all spells.
Aiming: Searing Ray (safe; 2% risk of failure)
Press: ? - help, Shift-Dir - straight line, f/p - phantom
Aim: a phantom (73% to hit)
The searing ray misses the phantom. (Press . to maintain the ray.)
The phantom barely misses you.
Casting: Searing Ray (safe; 2% risk of failure)
Confirm with . or Enter, or press ? or * to list all spells.
Restarting spell: Searing Ray (safe; 2% risk of failure)
Press: ? - help, Shift-Dir - straight line, f/p - phantom
Aim: a phantom (73% to hit)
The searing ray misses the phantom. (Press . to maintain the ray.)
The phantom barely misses you.
The searing ray hits the phantom.
The phantom is moderately damaged.
The phantom hits you.
The searing ray hits the phantom!
The phantom is heavily damaged.
The phantom hits you.
The phantom blinks!
You blink.
The phantom hits you.
* * * LOW HITPOINT WARNING * * *
The phantom hits you!
* * * LOW HITPOINT WARNING * * *
The phantom blinks!
You blink.
You feel yourself speed up. The phantom hits you.
You die...

#..# #..# #..# #... #..# #..#
#########..# #..# #..........#
#... #.#######..# #..# #.#
#..############..# #####.#
####...§............#
#.....####...@................
#.........>##.W..............#
#.##....#.....................
#.##....#..##.#.........###..#
#.##....#..##.#.####.#..# #...
#.##.......##.#.# #.#..# #..†
#.##....#..##.#.# #.#..###...
#.##....#..##.#.####.#........
#.##....#..##.................


You could see a phantom.

Vanquished Creatures
  A phantom (D:4)
  Dowan (D:4)
  A crimson imp (D:4)
  An iguana (D:4)
  Robin (D:3)
  4 gnolls
  5 adders
  A white imp (D:4)
  An ufetubus (D:3)
  2 worms (D:2)
  7 dart slugs
  2 orcs (D:3)
  5 bats
  5 endoplasms
  4 giant cockroaches (D:1)
  14 goblins
  10 hobgoblins
  4 jackals (D:1)
  5 kobolds
  2 quokkas
  7 ball pythons
  4 frilled lizards
  3 rats
90 creatures vanquished.

Notes
Turn   | Place    | Note
-------+----------+-------------------------------------------
     0 | D:1      | randart the Deep Elf Conjurer began the quest for the Orb.
     0 | D:1      | Reached XP level 1. HP: 10/10 MP: 6/6
   236 | D:1      | Reached XP level 2. HP: 15/15 MP: 6/8
   372 | D:1      | Reached skill level 5 in Conjurations
   942 | D:1      | Reached XP level 3. HP: 19/19 MP: 6/9
  1534 | D:2      | Reached skill level 6 in Conjurations
  1703 | D:2      | Reached XP level 4. HP: 24/24 MP: 4/10
  1708 | D:2      | Learned a level 4 spell: Iskenderun's Mystic Blast
  1768 | D:2      | Learned a level 2 spell: Searing Ray
  2004 | D:2      | Reached skill level 1 in Translocations
  2332 | D:3      | Found a faded altar of an unknown god.
  2800 | D:3      | Reached XP level 5. HP: 28/28 MP: 11/11
  2801 | D:3      | Noticed Robin
  2843 | D:3      | Killed Robin
  3833 | D:4      | Noticed Dowan
  3834 | D:4      | Noticed a phantom
  3835 | D:4      | Noticed Duvessa
  3870 | D:4      | Killed Dowan
  3871 | D:4      | Reached skill level 5 in Translocations
  3871 | D:4      | Reached XP level 6. HP: 32/32 MP: 11/12
  4429 | D:3      | Slain by a phantom

Illustrated notes

Levels and vault maps discovered:
D:1:      psy_arrival_radial02, layout_loops_corners, grunt_decor_cap
D:2:      layout_basic, eino_curves_01
D:3:      layout_basic, nicolae_ecumenical_pavilion, hangedman_decor_riveting,
          uniq_robin
D:4:      layout_cave_pools, minmay_fire_ice_demons, uniq_duvessa

Skill      XL: |  1  2  3  4  5 |
---------------+----------------+-----
Conjurations   | 5 6 |  6.1
Translocations | 2 5 |  5.8
Dodging        | |  2.4
Stealth        | |  2.4
Spellcasting   | |  3.0

Action                     |  1- 3 |  4- 6 || total
---------------------------+-------+-------++-------
  Melee: Short sword       |     8 |     9 ||    17
   Cast: Magic Dart        |    69 |   124 ||   193
         Searing Ray       |       |    20 ||    20
    Use: Scroll            |       |     7 ||     7
         Potion            |       |     1 ||     1
   Stab: Sleeping          |       |     1 ||     1
 Armour: Robe              |       |     1 ||     1
         Leather armour    |       |     4 ||     4
  Dodge: Dodged            |     5 |    32 ||    37
